 Dungeon Crawl Stone Soup version 0.29-a0-322-g68df515428 (webtiles) character file.

Game seed: 3095509327063909086

922 bande the Chopper (level 8, -4/50 HPs)
             Began as a Gargoyle Fighter on Apr 9, 2022.
             Hit by a boomerang thrown by an orc warrior (9 damage)
             ... on level 6 of the Dungeon.
             The game lasted 00:07:39 (5455 turns).

bande the Chopper (Gargoyle Fighter)                Turns: 5455, Time: 00:07:40

Health: -4/50      AC: 19    Str: 20    XL:     8   Next: 10%
Magic:  8/8        EV:  5    Int:  9    God:
Gold:   262        SH:  4    Dex: 11    Spells: 7/7 levels left

rFire   . . .      SeeInvis .   a - +0 war axe
rCold   . . .      Faith    .   c - +0 buckler
rNeg    + . .      Spirit   .   b - +0 plate armour
rPois   ∞          Reflect  .   q - +0 helmet
rElec   +          Harm     .   (no cloak)
rCorr   .          Rampage  .   (no gloves)
Will    .....      Rage     1%  (no boots)
Stlth   ..........              (no amulet)
HPRegen 0.16/turn               (no ring)
MPRegen 0.11/turn               (no ring)

@: studying Summonings
A: sickness immunity, AC +5, negative energy resistance 1, electricity
resistance, torment resistance 1, petrification resistance, berserk 1
a: no special abilities


You were on level 6 of the Dungeon.
You visited 1 branch of the dungeon, and saw 6 of its levels.

You collected 262 gold pieces.

Inventory:

Hand Weapons
 a - a +0 war axe (weapon)
 k - a +0 war axe
Missiles
 o - 2 boomerangs of dispersal (quivered)
Armour
 b - a +0 plate armour (worn)
 c - a +0 buckler (worn)
 q - a +0 helmet (worn)
Wands
 p - a wand of flame (17)
 r - a wand of iceblast (7)
 t - a wand of paralysis (7)
Scrolls
 f - 2 scrolls of blinking
Potions
 d - 4 potions of might
 e - a potion of attraction {unknown}
 g - 2 potions of haste
 h - 2 potions of magic
 i - a potion of heal wounds {unknown}
 j - a potion of resistance {unknown}
 m - a potion of curing {unknown}


   Skills:
 + Level 5.5 Fighting
 + Level 6.1 Axes
 + Level 5.4 Armour
 + Level 4.2 Shields
 * Level 0.1 Evocations


You had 7 spell levels left.
You didn't know any spells.
Your spell library contained the following spells:

 Spells                   Type           Power      Damage    Failure   Level
 Animate Skeleton         Necr           0%         N/A       100%        1
 Magic Dart               Conj           0%         1d3       100%        1
 Pain                     Necr           0%         1d4       100%        1
 Call Imp                 Summ           0%         N/A       100%        2
 Mephitic Cloud           Conj/Pois/Air  0%         N/A       100%        3
 Vampiric Draining        Necr           0%         2d6       100%        3


Dungeon Overview and Level Annotations

Branches:
Dungeon (6/15)
 Temple: D:4-7

Altars:
Cheibriados
Hepliaklqana
Kikubaaqudgha
Vehumet
Wu Jian

Shops:
D:1 (


Innate Abilities, Weirdness & Mutations

You are immune to sickness and miasma.
Your stone body is resilient. (AC +5)
You are immune to poison.
You resist negative energy. (rN+)
You are resistant to electric shocks. (rElec)
You are resistant to unholy torment.
You are immune to petrification.
You tend to lose your temper in combat.


Message History

The orc hits you but does no damage.
The orc warrior hits you but does no damage.
You hit the orc warrior.
The orc warrior is lightly wounded.
You barely miss the orc.
The orc priest calls upon Beogh to heal the orc warrior.
The orc warrior's wounds heal themselves!
The orc completely misses you. You block the orc warrior's attack.
You completely miss the orc warrior. You closely miss the orc.
The orc warrior hits you with a +0 long sword.
The orc hits you with a +0 dagger.
You hit the orc warrior but do no damage.
You hit the orc.
The orc priest mumbles some strange prayers to Beogh against you.
Beogh smites you!
The orc warrior hits you with a +0 long sword!
Unknown command.
The orc warrior attacks as you move away!
The orc warrior hits you with a +0 long sword!
* * * LOW HITPOINT WARNING * * *
You block the orc's attack.
It was a potion of mutation.
You feel extremely strange.
You feel a little pissed off.
The orc warrior hits you but does no damage.
The orc barely misses you.
Blink to where?
Press: ? - help, Dir - move target
As you read the scroll of blinking, it crumbles to dust.
As you read the scroll of teleportation, it crumbles to dust.
You feel strangely unstable.
The orc warrior attacks as you move away!
The orc warrior hits you with a +0 long sword.
* * * LOW HITPOINT WARNING * * *
The orc warrior throws a boomerang.
The boomerang barely misses you.
Your surroundings suddenly seem different.
Found a buckler.
You see here a +0 buckler.
Found 16 stones.
The orc warrior throws a boomerang.
The boomerang hits you!
You die...

._... #....#
#.# ...#
....######.#
###
##.!.#...oo.#
## #o######
.. #[# #. #o#
#..#o##
#.....#####.#
#...#.@.....#
##....#######
.....#.##
######. #. #(
.. ##


You could see an orc warrior and an orc.

Vanquished Creatures
  A black bear (D:5)
  A sky beast (D:4)
  4 scorpions
  A howler monkey (D:5)
  A jelly (D:6)
  2 orc priests (D:5)
  2 iguanas (D:5)
  5 orc wizards
  11 adders
  A shadow imp (D:6)
  An ufetubus (D:4)
  3 worms (D:2)
  4 dart slugs
  14 orcs
  8 ball pythons
  4 bats
  3 endoplasms
  A giant cockroach (D:1)
  6 goblins
  3 hobgoblins
  4 kobolds
  2 quokkas
  2 frilled lizards
  5 rats
89 creatures vanquished.

Notes
Turn   | Place    | Note
-------+----------+-------------------------------------------
     0 | D:1      | bande the Gargoyle Fighter began the quest for the Orb.
     0 | D:1      | Reached XP level 1. HP: 14/14 MP: 1/1
    19 | D:1      | Found Ubrixkieni's Weapon Shop.
   357 | D:1      | Reached XP level 2. HP: 19/19 MP: 2/2
   362 | D:1      | Reached skill level 2 in Axes
   968 | D:2      | Found a snail-covered altar of Cheibriados.
   987 | D:2      | Reached XP level 3. HP: 23/24 MP: 3/3
  1280 | D:2      | Reached XP level 4. HP: 18/29 MP: 4/4
  2152 | D:3      | Found a radiant altar of Vehumet.
  2238 | D:3      | Reached skill level 3 in Axes
  2238 | D:3      | Reached XP level 5. HP: 30/34 MP: 5/5
  2314 | D:3      | Found a faded altar of an unknown god.
  2963 | D:4      | Reached skill level 4 in Axes
  2963 | D:4      | Reached XP level 6. HP: 36/39 MP: 6/6
  3028 | D:4      | Noticed a sky beast
  3043 | D:4      | Killed a sky beast
  3072 | D:4      | Found an ancient bone altar of Kikubaaqudgha.
  3694 | D:5      | Entered Level 5 of the Dungeon
  3715 | D:5      | Reached skill level 5 in Fighting
  3715 | D:5      | Reached XP level 7. HP: 29/44 MP: 7/7
  3879 | D:5      | Reached skill level 5 in Axes
  4373 | D:5      | Reached skill level 5 in Armour
  4812 | D:5      | Reached skill level 6 in Axes
  4812 | D:5      | Reached XP level 8. HP: 19/50 MP: 8/8
  5425 | D:6      | Found a hazy altar of Hepliaklqana.
  5427 | D:6      | Found an ornate altar of the Wu Jian Council.
  5433 | D:6      | Gained mutation: You tend to lose your temper in combat.
                  | [potion of mutation]
  5436 | D:6      | HP: 2/50 [orc warrior/+0 long sword (2)]
  5455 | D:6      | Hit by a boomerang thrown by an orc warrior

Illustrated notes

Levels and vault maps discovered:
D:1:      minmay_arrival_up_and_down, layout_basic, serial_shops, shop,
          supply_closet_lemuel
D:2:      layout_basic, basic_altar
D:3:      layout_loops_cross, nicolae_vehumet_radiance,
          hellmonk_ecumenical_altar_pennies_from_heaven
D:4:      layout_loops_ring, kiku_gazebo_pond_becter
D:5:      layout_gridville
D:6:      layout_loops_ring, marbit_many_paths, grunt_temple_overflow_open,
          nrook_uturn, uniq_sigmund, uniq_grinder

Skill      XL: |  1  2  3  4  5  6  7 |
---------------+----------------------+-----
Axes           | 2 3 4 6 |  6.1
Fighting       | 4 5 |  5.5
Armour         | 4 5 |  5.4
Shields        | 4 |  4.2
Evocations     | |  0.1

Action                   |  1- 3 |  4- 6 |  7- 9 || total
-------------------------+-------+-------+-------++-------
Melee: War axe           |    87 |   188 |    98 ||   373
  Use: Scroll            |     3 |     4 |     3 ||    10
       Potion            |       |       |     1 ||     1
Armor: Scale mail        |    65 |    95 |       ||   160
       Plate armour      |       |    53 |   112 ||   165
       Chain mail        |       |     4 |       ||     4
Dodge: Dodged            |    41 |    60 |    31 ||   132
Block: Buckler           |    16 |    39 |    16 ||    71

Table legend: (Time is in decaauts)
 A = Elapsed time spent in this place.
 B = Non-inter-level travel time spent in this place.
 C = Inter-level travel time spent in this place.
 D = Time resting spent in this place.
 E = Time spent auto-exploring this place.
 F = Levels seen in this place.
 G = Mean time per level.
                   A        B        C        D        E       F      G
               +--------+--------+--------+--------+--------+-----+--------+
         Total |   5589 |   5515 |     74 |    838 |   3622 |   6 |  931.5 |
       Dungeon |   5589 |   5515 |     74 |    838 |   3622 |   6 |  931.5 |
               +--------+--------+--------+--------+--------+-----+--------+

Top non-repeatable levels by time:
     D:5: 1405 daAuts
     D:4: 1093 daAuts
     D:2: 1082 daAuts
     D:1: 986 daAuts
     D:3: 874 daAuts
     D:6: 147 daAuts
